 Dungeon Crawl Stone Soup version 0.22-a0-181-gb22368a056 (webtiles) character file.

123 RedPan the Sneak (level 5, -2/31 HPs)
             Began as an Octopode Wizard on Feb 14, 2018.
             Slain by a hound (3 damage)
             ... on level 4 of the Dungeon.
             The game lasted 00:08:33 (3900 turns).

RedPan the Sneak (Octopode Wizard)                  Turns: 3900, Time: 00:08:34

Health: -2/31      AC:  4    Str:  6    XL:     5   Next: 7%
Magic:  7/9        EV: 14    Int: 20    God:
Gold:   128        SH:  0    Dex: 12    Spells: 2/10 levels left

rFire    . . .     SeeInvis .   q - +4 dagger
rCold    . . .     Gourm    .   (no shield)
rNeg     + . .     Faith    .   a - +0 hat
rPois    .         Spirit   .   (no amulet)
rElec    .         Reflect  .   k - ring of positive energy
rCorr    .         Harm     .   (no ring)
MR       .....                  s - +3 ring of protection
Stlth    +++.......             (no ring)
HPRegen  0.10/turn              (no ring)
MPRegen  0.11/turn              (no ring)
                                (no ring)
                                (no ring)

@: lethally poisoned (-2 -> -4)
A: almost no armour, stealthy swim, amphibious, 8 rings, constrict 8, camouflage
1, gelatinous body 1
a: no special abilities


You were on level 4 of the Dungeon.
You were not hungry.

You visited 1 branch of the dungeon, and saw 4 of its levels.

You collected 128 gold pieces.

Inventory:

Hand Weapons
 q - a +4 dagger (weapon)
Armour
 a - a +0 hat (worn)
Jewellery
 k - a ring of positive energy (left tentacle)
 s - a +3 ring of protection (on tentacle)
Scrolls
 e - a scroll of blinking {unknown}
 g - a scroll of remove curse
 h - 2 scrolls of identify
 o - a scroll of teleportation
Potions
 d - a potion of magic
 f - a potion of mutation
 i - a potion of heal wounds
 j - a potion of curing
 l - a potion of invisibility
 n - a potion of flight {unknown}
 p - a potion of might {unknown}
 r - a potion of haste {unknown}
Books
 b - a book of Minor Magic

   Spells                             Type                      Level
   a - Magic Dart                     Conjuration                  1
   b - Blink                          Translocation                2
   c - Call Imp                       Summoning                    2
   d - Slow                           Hexes                        2
   e - Conjure Flame                  Conjuration/Fire             3
   f - Mephitic Cloud                 Conjuration/Poison/Air       3
Comestibles
 c - 5 rations
 m - 3 chunks of flesh


   Skills:
 - Level 3.0 Dodging
 - Level 4.0 Stealth
 + Level 3.1 Spellcasting
 * Level 2.9 Conjurations
 - Level 1.0 Summonings
 - Level 1.0 Translocations
 + Level 0.7 Air Magic
 + Level 1.0 Poison Magic


You had 2 spell levels left.
You knew the following spells:

 Your Spells              Type           Power        Failure   Level  Hunger
a - Magic Dart            Conj           ##..         4%          1    None
b - Blink                 Tloc           N/A          14%         2    ##.....
c - Call Imp              Summ           #.......     14%         2    ##.....
d - Mephitic Cloud        Conj/Pois/Air  #.......     22%         3    ###....


Dungeon Overview and Level Annotations

Branches:
Dungeon (4/15)
 Temple: D:4-7

Altars:
Ashenzari
Hepliaklqana
Makhleb
Okawaru
Trog
Yredelemnul

Annotations:
D:3 SnubMonkey's ghost, amateur DrTm


Innate Abilities, Weirdness & Mutations

You cannot wear most types of armour.
You are very stealthy in the water. (Stealth+)
You are amphibious.
You can wear up to eight rings at the same time.
You can use your tentacles to constrict eight enemies at once.
Your skin changes colour to match your surroundings (Stealth+).
Your rubbery body absorbs attacks. (AC +1, EV +1)


Message History

The orc wizard mumbles some strange words.
The orc wizard blinks!
You feel sick. The hound closely misses you.
You see here an uncursed ring of loudness.
The hound barely misses you.
You feel sick. The hound bites you but does no damage. The hound bites you.
* * * LOW HITPOINT WARNING * * *
The orc wizard gestures wildly while chanting.
The orc wizard blinks!
You feel sick. The hound barely misses you. The hound closely misses you.
You feel sick.
The hound stops to sniff the ground.
The hound bites you but does no damage.
There is a stone staircase leading up here.
The hound bites you.
* * * LOW HITPOINT WARNING * * *
The hound bites you.
You die...

# .. .. .. . #.###.
#.# .##.#... #.#
..#.#.. #.#######
......### #.##.)..#
..#...o.### #.##@...#
...#......###.##ha..#
.#...#=.#..##.##....#
..#.a##÷...o........#
#.#o.#######...#....#
#.#..?.## #....>...#
#....#..## #........#
##...##..###........##
..o.§................#


You could see a hound and a worker ant.

Vanquished Creatures
  2 worms (D:2)
  3 dart slugs (D:2)
  3 leopard geckos
  11 orcs
  9 bats
  4 giant cockroaches
  8 goblins
  6 hobgoblins (D:1)
  11 jackals
  4 quokkas
  4 ball pythons
  5 frilled lizards
  10 kobolds
  4 rats
84 creatures vanquished.

Notes
Turn   | Place    | Note
-------+----------+-------------------------------------------
     0 | D:1      | RedPan the Octopode Wizard began the quest for the Orb.
     0 | D:1      | Reached XP level 1. HP: 11/11 MP: 4/4
   117 | D:1      | Reached skill level 3 in Stealth
   120 | D:1      | Reached XP level 2. HP: 7/17 MP: 1/6
   942 | D:1      | Learned a level 2 spell: Blink
   946 | D:1      | Learned a level 2 spell: Call Imp
   996 | D:1      | Reached XP level 3. HP: 21/21 MP: 7/7
  1662 | D:2      | Reached skill level 4 in Stealth
  1673 | D:2      | Reached XP level 4. HP: 12/27 MP: 2/8
  2271 | D:2      | Learned a level 3 spell: Mephitic Cloud
  2568 | D:3      | Found a shattered altar of Ashenzari.
  3392 | D:3      | Found a hazy altar of Hepliaklqana.
  3440 | D:3      | Found an iron altar of Okawaru.
  3440 | D:3      | Found a bloodstained altar of Trog.
  3489 | D:3      | Found a basalt altar of Yredelemnul.
  3514 | D:3      | Reached XP level 5. HP: 30/31 MP: 1/9
  3590 | D:3      | Found a burning altar of Makhleb.
  3677 | D:3      | Noticed SnubMonkey's ghost (amateur DrTm)
  3837 | D:4      | Reached skill level 1 in Poison Magic
  3900 | D:4      | HP: 1/31 [hound (3)]
  3900 | D:4      | Slain by a hound

Vault maps used:
D:1:      dpeg_arrival_water_temple_mockup
D:3:      lemuel_doored_altar, chequers_temple_overflow_statue_of_worship,
          nicolae_overflow_hidden_temple, kennysheep_generic_room_8

Skill      XL: |  1  2  3  4  5 |
---------------+----------------+-----
Stealth        | 3 4 |  4.0
Conjurations   | 2 |  2.9
Dodging        | 3 |  3.0
Poison Magic   | 1 |  1.0
Spellcasting   | |  3.1
Summonings     | |  1.0
Translocations | |  1.0
Air Magic      | |  0.7

Action                   |  1- 3 |  4- 6 || total
-------------------------+-------+-------++-------
Melee: Whip              |     9 |       ||     9
       Constrict         |    17 |    13 ||    30
       Unarmed           |     1 |       ||     1
       Dagger            |    56 |    46 ||   102
       Tentacles         |     8 |     5 ||    13
 Cast: Magic Dart        |    42 |   102 ||   144
       Call Imp          |       |     1 ||     1
  Use: Scroll            |     3 |     5 ||     8
 Stab: Sleeping          |    10 |       ||    10
  Eat: Chunk             |     2 |     7 ||     9
Armor: Skin              |     3 |    11 ||    14
Dodge: Dodged            |    51 |    96 ||   147

Table legend:
 A = Spawn XP
 B = Non-spawn XP
 C = Spawn XP percentage of total XP
 D = Spawn monster count
 E = Non-spawn monster count
 F = Spawn count percentage of total count
 G = Total turns spent on level
                    A         B        C        D         E        F      G
               +---------+---------+-------+---------+---------+-------+---------
         Total |       0 |     177 |   0.0 |       0 |      84 |   0.0 |  3900
               +---------+---------+-------+---------+---------+-------+---------
           D:1 |       0 |      45 |   0.0 |       0 |      25 |   0.0 |  1440
           D:2 |       0 |      60 |   0.0 |       0 |      26 |   0.0 |  1347
           D:3 |       0 |      64 |   0.0 |       0 |      29 |   0.0 |   996
           D:4 |       0 |       8 |   0.0 |       0 |       4 |   0.0 |   117
               +---------+---------+-------+---------+---------+-------+---------
